 Dungeon Crawl Stone Soup version 0.18.1-8-gdd0e5ea (webtiles) character file.

827 zeroDi the Covert (level 7, -3/34 HPs)
             Began as a Vine Stalker Assassin on May 29, 2016.
             Was a Follower of Okawaru.
             Shot with an arrow by a centaur (5 damage)
             ... on level 5 of the Dungeon.
             The game lasted 00:13:15 (4604 turns).

zeroDi the Covert (Vine Stalker Assassin)           Turns: 4604, Time: 00:13:16

Health: -3/34      AC:  4    Str: 14    XL:     7   Next: 97%
Magic:  0/8        EV: 11    Int: 11    God:    Okawaru [*.....]
Gold:   276        SH:  0    Dex: 17    Spells: 1 memorised, 5 levels left

rFire  . . .     SeeInvis .     b - +0 blowgun
rCold  . . .     Gourm    .     c - +0 robe
rNeg   . . .     Faith    .     (no shield)
rPois  .         Spirit   +     (no helmet)
rElec  .         Dismiss  .     d - +0 cloak
rCorr  .         Reflect  .     s - +0 pair of gloves
SustAt .         Harm     .     (no boots)
MR     +....                    (no amulet)
Stlth  +++++.....               p - ring of protection from magic
                                y - ring of stealth

@: somewhat resistant to hostile enchantments, quite stealthy
A: fangs 2, regeneration 2, magic shield, antimagic bite, no device heal 3, rot
immunity
a: Heroism, Renounce Religion


You were on level 5 of the Dungeon.
You worshipped Okawaru.
Okawaru was aware of your devotion.
You were not hungry.

You visited 1 branch of the dungeon, and saw 5 of its levels.

You collected 276 gold pieces.


Innate Abilities, Weirdness & Mutations

You have extremely sharp teeth.
You heal very quickly.
When hurt, damage is shared between your health and your magic reserves.
Your bite disrupts and absorbs the magic of your enemies.
Potions and wands cannot restore your health.
You are immune to rotting.


   Skills:
 - Level 1.7 Fighting
 - Level 5.5 Short Blades
 - Level 1.7 Throwing
 - Level 0.7 Dodging
 + Level 9.7 Stealth


You had 5 spell levels left.
You knew the following spells:

 Your Spells              Type           Power        Failure   Level  Hunger
a - Shock                 Conj/Air       #...         34%         1    ##.....

Inventory:

Hand Weapons
 a - a +2 dagger
 b - a +0 blowgun (weapon)
Missiles
 e - 73 poisoned needles (quivered)
 f - a curare-tipped needle {=f}
Armour
 c - a +0 robe (worn)
 d - a +0 cloak (worn)
 s - a +0 pair of gloves (worn)
Jewellery
 p - a ring of protection from magic (right hand)
 r - an uncursed ring of magical power
 x - an uncursed ring of fire
 y - a ring of stealth (left hand)
Wands
 E - a wand of slowing (22/48)
Scrolls
 k - 2 scrolls of random uselessness
 l - 2 scrolls of enchant armour
 w - a scroll of fog
 A - 2 scrolls of magic mapping
Potions
 h - a potion of magic {unknown}
 j - 2 potions of degeneration {unknown}
 o - a potion of berserk rage {!q}
 z - a potion of haste {unknown}
 C - a potion of brilliance {unknown}
 D - 2 potions of heal wounds {@q2}
 F - a potion of curing {unknown}
 H - a potion of ambrosia {unknown}
Books
 m - a book of Air

   Spells                             Type                      Level
   a - Shock                          Conjuration/Air              1
   b - Swiftness                      Charms/Air                   2
   c - Repel Missiles                 Charms/Air                   2
   d - Static Discharge               Conjuration/Air              3
   e - Lightning Bolt                 Conjuration/Air              5
Comestibles
 g - 3 bread rations
 q - a slice of pizza
 t - a beef jerky
 v - 2 meat rations
 B - 6 fruits

Dungeon Overview and Level Annotations

Branches:
Dungeon (5/15)
 Temple: D:4-7

Altars:
Fedhas
Okawaru
Pakellas
Qazlal
Sif Muna
The Shining One

Annotations:
D:3 zeroDi's ghost, amateur VSAs

##.........#....##.....######
#..............(#...........##
.............................#
......................####...##
.............#..##....# ##...#
8.88.............##...# #...#
#'#8...#.......#......## ##..##
'_'............##......# ##..##
#'#8......#.....@###...# ##...
8.88.....###รท....# ##..# ##..
.................# #..# ##.
.##...........(### ##..# #.
##(......c....#.# #...# ##.
#..........#(##.####...# ##..
..(.......(..##.#.....## #...
....#...(##.######...# ##..#
(......###.# #...# ###..##


You could see a centaur.


Message History

b - a +0 blowgun (weapon)
Firing (i - inventory. (,) - cycle):
e - 74 poisoned needles (quivered)
Press: ? - help, Shift-Dir - straight line, f - centaur
Aim: a centaur (resting)
You shoot a poisoned needle. The poisoned needle hits the centaur.
The centaur is poisoned.
The centaur shouts!
The centaur wields a shortbow.
The centaur shoots an arrow.
The arrow hits you.
The centaur shoots an arrow.
The arrow hits you!
You see here an arrow.
The centaur shoots an arrow.
The arrow hits you!
* * * LOW HITPOINT WARNING * * *
You see here an arrow.
The centaur shoots an arrow.
The arrow hits you!
* * * LOW HITPOINT WARNING * * *
You see here an arrow.
The centaur shoots an arrow.
The arrow hits you!
* * * LOW HITPOINT WARNING * * *
The centaur shoots an arrow.
The arrow hits you.
You die...

Action                   |  1- 3 |  4- 6 |  7- 9 || total
-------------------------+-------+-------+-------++-------
Melee: Dagger            |    80 |   164 |    74 ||   318
       Bite              |    22 |    39 |    20 ||    81
 Fire: Blowgun           |     3 |    20 |    10 ||    33
 Cast: Shock             |       |     7 |       ||     7
Invok: Heroism           |       |     1 |       ||     1
  Use: Scroll            |       |       |    12 ||    12
 Stab: Sleeping          |     5 |     7 |     6 ||    18
       Distracted        |       |     1 |       ||     1
  Eat: Chunk             |       |     9 |     3 ||    12
Armor: Robe              |    21 |    39 |    10 ||    70
Dodge: Dodged            |    48 |    57 |    21 ||   126

Vault maps used:
D:1:      evilmike_arrival_grusome_pit
D:2:      fedhas_altar_4, first_bread, serial_park_tiny_2, uniq_jessica
D:3:      overflow_temple_1_default, nicolae_qazlal_general_emergency,
          gammafunk_pakellas_spire_experiment
D:4:      uniq_duvessa
D:5:      kennysheep_mini_moat, lemuel_doored_altar, minitemple

Notes
Turn   | Place    | Note
--------------------------------------------------------------
     0 | D:1      | zeroDi the Vine Stalker Assassin began the quest for the Orb.
     0 | D:1      | Reached XP level 1. HP: 11/11 MP: 2/2
    27 | D:1      | Reached skill level 2 in Short Blades
   164 | D:1      | Reached XP level 2. HP: 8/15 MP: 3/3
   710 | D:2      | Reached skill level 3 in Short Blades
   710 | D:2      | Reached XP level 3. HP: 18/18 MP: 4/4
   925 | D:2      | Noticed Jessica
   946 | D:2      | Killed Jessica
   946 | D:2      | Reached skill level 4 in Short Blades
   946 | D:2      | Reached XP level 4. HP: 10/23 MP: 5/5
  1091 | D:2      | Learned a level 1 spell: Shock
  1696 | D:2      | Found a blossoming altar of Fedhas.
  1768 | D:2      | Reached XP level 5. HP: 13/26 MP: 6/6
  1985 | D:3      | Found an iron altar of Okawaru.
  1991 | D:3      | Became a worshipper of Warmaster Okawaru
  2009 | D:3      | Reached skill level 5 in Short Blades
  2064 | D:3      | Noticed zeroDi's ghost (amateur VSAs)
  2317 | D:3      | Found a stormy altar of Qazlal.
  2715 | D:3      | Found an oddly glowing altar of Pakellas.
  2719 | D:3      | Noticed a gargoyle
  3144 | D:4      | You fall through a shaft!
  3144 | D:5      | Entered Level 5 of the Dungeon
  3174 | D:5      | Gained mutation: You heal very quickly. [Vine Stalker growth]
  3174 | D:5      | Reached XP level 6. HP: 29/30 MP: 7/7
  3318 | D:4      | Reached skill level 5 in Stealth
  3401 | D:4      | Reached skill level 6 in Stealth
  3655 | D:4      | Noticed Dowan
  3672 | D:4      | Reached * piety under Okawaru
  3710 | D:4      | Killed Dowan
  3710 | D:4      | Reached skill level 7 in Stealth
  3710 | D:4      | Reached XP level 7. HP: 14/34 MP: 1/8
  3793 | D:4      | Noticed Duvessa
  3823 | D:4      | Killed Duvessa
  3823 | D:4      | Reached skill level 8 in Stealth
  4220 | D:5      | Reached skill level 9 in Stealth
  4283 | D:5      | Found a glowing golden altar of the Shining One.
  4446 | D:5      | Found a deep blue altar of Sif Muna.
  4604 | D:5      | HP: 2/34 [centaur/arrow (9)]
  4604 | D:5      | Shot with an arrow by a centaur

Vanquished Creatures
  Duvessa (D:4)
  Dowan (D:4)
  3 crimson imps
  3 hounds
  A giant frog skeleton (D:5)
  3 orc priests (D:4)
  An orc wizard (D:4)
  Jessica (D:2)
  2 iguanas
  2 worker ants
  A killer bee zombie (D:5)
  A hound skeleton (D:5)
  3 gnolls (D:2)
  2 howler monkey skeletons (D:4)
  7 adders
  An adder skeleton (D:4)
  A worm (D:5)
  2 dart slugs (D:1)
  2 giant geckos
  A ball python (D:2)
  4 goblins
  8 hobgoblins
  A quokka (D:2)
  7 bats
  4 giant newts
  A jackal skeleton (D:4)
  7 kobolds
  9 rats
80 creatures vanquished.

Vanquished Creatures (others)
  A lightning spire (D:3)
  2 bushes (D:3)
3 creatures vanquished.

Grand Total: 83 creatures vanquished
